Map: New Repugnancy LE

Players

pHARM - Winner!

  • Race: Zerg Zerg
  • League: Platinum
  • Spawn Location: 7:00

Nyaro

  • Race: Terran Terran
  • Spawn Location: 1:00

VOD

Have the link to the VOD?

Description

Time

  • Played on: Aug. 3, 2019, 3:01 a.m.
  • Length: 17:28
Show
View Real Time Build Order
Export as new Build Order

pHARM Zerg - Winner!

Build Orders: Hatch First 

Get SALT Encoding   

  12  0:01  Drone  
  13  0:13  Drone  
  14  0:16  Overlord  
  14  0:25  Drone, Extractor  
  15  0:36  Drone x2  
  17  0:55  Hatchery  
  16  1:03  Drone x2  
  18  1:17  Spawning Pool  
  17  1:30  Drone x3  
  20  1:41  Extractor  
  20  1:42  Drone  
  20  1:52  Overlord  
  20  2:03  Queen  
  20  2:07  Queen  
  24  2:10  Drone x2  
  24  2:14  Drone  
  27  2:22  Drone  
  28  2:23  Spine Crawler  
  27  2:32  Drone  
  27  2:33  Drone  
  29  2:40  Drone  
  29  2:41  Drone  
  31  2:49  Evolution Chamber  
  31  2:51  Lair  
  30  2:52  Queen  
  30  2:56  Drone x2  
  34  3:04  Roach Warren  
  33  3:18  Evolution Chamber  
  33  3:19  Drone  
  33  3:20  Overlord, Drone x3  
  33  3:26  Zerg Missile Weapons Level 1  
  36  3:52  Overlord  
  36  3:55  Overlord x2  
  36  4:01  Glial Reconstitution  
  36  4:10  Drone  
  36  4:11  Drone x6  
  36  4:14  Drone x3  
  46  4:26  Extractor  
  46  4:27  Extractor  
  44  4:54  Roach x6  
  44  4:55  Roach  
  58  5:00  Roach  
  58  5:03  Overlord x3  
  56  5:14  Overlord  
  56  5:15  Overlord x2  
  48  5:23  Roach x3  
  48  5:25  Queen x2  
  48  5:27  Roach x2  
  58  5:38  Roach  
  58  5:39  Roach x3  
  66  5:53  Drone x2  
  66  5:56  Drone x3  
  71  6:05  Drone x2  
  73  6:14  Hatchery  
  72  6:26  Roach x3  
  72  6:27  Roach x3  
  84  6:45  Drone x2  
  84  6:46  Drone x2  
  80  7:06  Queen  
  80  7:08  Zerg Missile Weapons Level 2  
  74  7:16  Hatchery  
  74  7:19  Hydralisk Den  
  62  7:29  Drone x10  
  64  7:30  Drone x4  
  62  7:41  Roach x2  
  66  7:52  Roach x2  
  66  7:55  Roach x2  
  74  8:03  Roach x2  
  76  8:08  Overlord, Roach  
  76  8:09  Overlord x2  
  65  8:15  Roach x2  
  65  8:18  Roach  
  56  8:28  Roach  
  56  8:31  Queen  
  56  8:33  Roach  
  68  8:34  Roach x4  
  68  8:53  Drone x4  
  68  8:54  Queen  
  74  8:57  Hatchery  
  73  9:07  Queen  
  73  9:37  Drone x9  
  82  9:53  Extractor  
  82  9:55  Roach x5  
  91  10:14  Roach x3  
  97  10:27  Roach  
  97  10:28  Overlord x3  
  97  10:35  Overlord x2  
  97  10:38  Zerg Ground Armor Level 1  
  97  10:42  Overlord x2  
  85  10:56  Roach x15  
  106  11:07  Roach x2  
  92  11:16  Roach  
  92  11:17  Roach x5  
  99  11:23  Roach x2  
  84  11:30  Roach x3  
  83  11:46  Hatchery  
  82  11:57  Drone x5  
  82  11:58  Drone x6  
  93  12:16  Hatchery  
  92  12:27  Extractor  
  92  12:29  Extractor  
  92  12:30  Roach x16  
  122  12:38  Grooved Spines  
  122  12:40  Zerg Ground Armor Level 2  
  122  12:48  Infestation Pit  
  119  13:09  Hydralisk  
  119  13:10  Hydralisk x7  
  135  13:27  Hive  
  131  13:45  Drone  
  131  13:46  Drone x15  
  131  13:47  Drone  
  146  13:50  Muscular Augments  
  102  14:17  Queen  
  102  14:18  Extractor x2  
  100  14:24  Spire  
  89  14:40  Roach  
  89  14:41  Roach x15  
  109  15:13  Roach x7  
  109  15:14  Roach x9  
  135  15:31  Hatchery  
  134  15:41  Greater Spire  
  130  15:53  Viper  
  130  15:55  Hydralisk  
  130  15:56  Hydralisk x6  
  147  16:07  Drone  
  148  16:14  Drone x9  
  157  16:26  Overlord x3  
  157  16:59  Corruptor x3  
Show
View Real Time Build Order
Export as new Build Order

Nyaro Terran 

Build Orders: 2 Factory, Cyclone Opening 

Get SALT Encoding   

  12  0:01  SCV  
  13  0:13  SCV  
  14  0:17  Supply Depot  
  14  0:25  SCV  
  15  0:39  SCV  
  15  0:40  Barracks  
  16  0:45  Refinery  
  16  0:51  SCV  
  16  0:56  Refinery  
  17  1:03  SCV  
  18  1:18  SCV  
  19  1:29  Supply Depot  
  19  1:30  Orbital Command  
  19  1:33  Barracks Reactor  
  19  1:47  Factory  
  19  1:59  SCV  
  20  2:05  Factory  
  20  2:11  SCV  
  21  2:20  Barracks Tech Lab  
  21  2:23  SCV  
  22  2:35  SCV  
  22  2:36  Supply Depot  
  23  2:39  Hellion  
  23  2:40  Hellion  
  27  2:47  SCV  
  27  2:51  Barracks Tech Lab  
  28  2:53  Factory  
  28  2:58  Cyclone  
  33  3:05  Hellion  
  33  3:10  Hellion  
  35  3:16  Supply Depot  
  35  3:30  Hellion  
  37  3:38  Cyclone  
  40  3:56  Cyclone  
  40  3:57  Hellion x2  
  40  4:00  Supply Depot  
  47  4:05  Supply Depot  
  47  4:21  Hellion, Cyclone  
  47  4:23  Hellion  
  54  4:28  Cyclone  
  57  4:35  Supply Depot  
  57  4:44  Hellion  
  59  4:46  Hellion  
  61  4:56  Cyclone  
  64  5:05  Cyclone  
  64  5:06  Hellion  
  65  5:08  Hellion  
  59  5:32  Cyclone  
  59  5:33  Hellion  
  56  5:37  Cyclone  
  56  5:39  Hellion  
  61  5:54  Hellion  
  63  6:04  Hellion  
  63  6:05  Cyclone, Supply Depot  
  63  6:09  Cyclone  
  66  6:26  Hellion  
  66  6:27  Hellion  
  70  6:37  Cyclone  
  73  6:41  Cyclone  
  76  6:48  Hellion  
  76  6:52  Hellion, Supply Depot  
  55  7:34  Cyclone x2, Command Center  
  55  7:36  Hellion  
  63  7:45  Hellion  
  65  8:06  Cyclone  
  65  8:11  Cyclone  
  65  8:12  Hellion  
  65  8:32  Hellion  
  65  8:33  Hellion  
  69  8:38  Cyclone  
  69  8:43  Cyclone  
  72  8:53  Hellion  
  74  8:58  Orbital Command  
  72  9:10  Cyclone  
  72  9:13  Orbital Command  
  71  9:18  Cyclone  
  76  9:38  Hellion  
  76  9:42  Cyclone, SCV x2  
  81  9:54  SCV  
  82  10:11  Cyclone  
  82  10:12  Hellion x2  
  89  10:14  Cyclone  
  88  10:33  Hellion x2  
  92  10:36  SCV x2  
  94  10:43  Cyclone  
  94  10:48  SCV x2  
  78  11:07  Cyclone  
  78  11:08  Hellion x2  
  80  11:15  Cyclone  
  75  11:30  Hellion  
  60  11:35  Hellion  
  60  11:39  Cyclone  
  62  11:40  SCV x2  
  62  11:42  Command Center  
  62  11:44  Refinery  
  62  11:45  Refinery  
  64  11:47  Cyclone  
  64  11:51  Hellion  
  64  11:52  SCV  
  70  11:57  Hellion  
  70  11:58  SCV  
  73  12:04  SCV  
  74  12:11  SCV  
  75  12:16  SCV  
  75  12:18  Cyclone  
  75  12:19  Hellion, Cyclone  
  75  12:21  Hellion  
  75  12:22  Command Center  
  86  12:23  SCV  
  85  12:50  Cyclone  
  86  12:51  Cyclone  
  86  12:55  Hellion x2  
  93  12:58  Orbital Command  
  93  13:02  Factory  
  93  13:05  Armory  
  93  13:08  Engineering Bay  
  93  13:18  Hellion  
  93  13:19  Hellion  
  97  13:22  Cyclone  
  97  13:23  Cyclone  
  103  13:28  Orbital Command  
  84  13:59  Cyclone x2  
  84  14:00  Hellion x2  
  66  14:21  Hellion  
  66  14:23  Factory Tech Lab  
  59  14:30  Orbital Command  
  59  14:31  Cyclone x2  
  60  14:33  Refinery  
  54  14:40  Hellion  
  54  14:43  Hellion  
  46  15:00  Cyclone  
  37  15:18  Cyclone  
  33  15:52  Refinery  
  33  15:57  Orbital Command  
  33  16:03  SCV  
  34  16:08  SCV  
  38  16:11  Siege Tank x2  
  38  16:15  SCV, Factory Tech Lab  
  42  16:20  SCV  
  42  16:23  SCV  
  44  16:27  SCV  
  44  16:30  Widow Mine  
  44  16:31  Widow Mine  
  44  16:32  SCV  
  50  16:34  Refinery  
  50  16:35  Refinery, SCV  
  50  16:39  SCV  
  52  16:43  Siege Tank  
  52  16:44  SCV  
  56  16:48  SCV  
  56  16:49  Command Center  
  56  16:52  Hellion x2  
  61  16:56  Barracks Tech Lab  
  61  17:05  SCV x2  
  61  17:06  SCV  
Tags
 
Add a new tag
Caveats
  • Supply blocks, unpowered buildings, or Contaminate may cause inaccurate times.
  • Supply counts are checked every 10 seconds.